 Dungeon Crawl Stone Soup version 0.28.0-49-g6dfe1f597d (webtiles) character file.

Game seed: 764643814382152593

66 Exodus22XD the Poker (level 3, -4/28 HPs)
             Began as a Demonspawn Gladiator on May 19, 2022.
             Slain by a hobgoblin (5 damage)
             ... led by Robin
             ... on level 3 of the Dungeon.
             The game lasted 00:02:00 (2337 turns).

Exodus22XD the Poker (Demonspawn Gladiator)         Turns: 2337, Time: 00:02:00

Health: -4/28      AC:  8    Str: 16    XL:     3   Next: 96%
Magic:  3/3        EV: 11    Int:  9    God:
Gold:   71         SH:  0    Dex: 14    Spells: 2/2 levels left

rFire   . . .      SeeInvis .   a - +0 trident
rCold   . . .      Faith    .   (no shield)
rNeg    . . .      Spirit   .   k - +0 ring mail
rPois   .          Reflect  .   c - +0 helmet
rElec   .          Harm     .   (no cloak)
rCorr   .          Rampage  .   (no gloves)
Will    .....                   l - +1 pair of boots
Stlth   +.........              (no amulet)
HPRegen 0.09/turn               (no ring)
MPRegen 0.08/turn               (no ring)

@: no status effects
A: demonic guardian 1
a: no special abilities


You were on level 3 of the Dungeon.
You visited 1 branch of the dungeon, and saw 3 of its levels.

You collected 71 gold pieces.

Inventory:

Hand Weapons
 a - a +0 trident (weapon)
Missiles
 d - 3 throwing nets (quivered)
Armour
 c - a +0 helmet (worn)
 k - a +0 ring mail (worn)
 l - a +1 pair of boots (worn)
Scrolls
 b - a scroll of teleportation {unknown}
 h - a scroll of noise {unknown}
 j - a scroll of enchant armour {unknown}
Potions
 e - a potion of curing {unknown}
 f - a potion of cancellation {unknown}
 g - a potion of lignification {unknown}
 i - a potion of invisibility {unknown}


   Skills:
 + Level 2.4 Fighting
 + Level 3.5 Polearms
 + Level 1.9 Throwing
 + Level 1.0 Armour
 + Level 3.1 Dodging


You had 2 spell levels left.
You didn't know any spells.
Your spell library contained the following spells:

 Spells                   Type           Power      Damage    Failure   Level
 Sandblast                Erth           0%         2d4       61%         1
 Passwall                 Tmut/Erth      0%         N/A       75%         2
 Stone Arrow              Conj/Erth      0%         3d7       93%         3


Dungeon Overview and Level Annotations

Branches:
Dungeon (3/15)

Altars:

Shops:
D:2 :

Annotations:
D:3 Robin


Innate Abilities, Weirdness & Mutations

A weak demonic guardian rushes to your aid.


Message History

The goblin hits you but does no damage. The goblin closely misses you. x2
You closely miss Robin.
Robin is moderately wounded.
Robin roars a battlecry!
The hobgoblins go into a battle-frenzy!
The goblin hits you but does no damage. x2
The hobgoblin shouts!
You hit Robin but do no damage.
Robin is moderately wounded.
Robin closely misses you.
The giant cockroach completely misses you.
The goblin barely misses you. Robin throws the goblin at you!
The goblin hits you but does no damage. x2
You hit the goblin.
You kill the goblin!
The goblin no longer looks unusually strong.
The giant cockroach closely misses you. The goblin hits you but does no damage.
The giant cockroach closely misses you.
You puncture the goblin!
You kill the goblin!
Robin throws the goblin at you! The goblin closely misses you.
The giant cockroach misses you.
Robin hits you with a +2 dagger of pain.
* * * LOW HITPOINT WARNING * * *
You writhe in agony.
* * * LOW HITPOINT WARNING * * *
The hobgoblin closely misses you. The goblin hits you with a +0 dagger.
* * * LOW HITPOINT WARNING * * *
A demonic guardian appears!
You swap places.
The hobgoblin no longer looks unusually strong.
The giant cockroach barely misses your white imp.
The goblin hits you but does no damage.
The giant cockroach barely misses your white imp.
The goblin no longer looks unusually strong.
Your white imp barely misses the goblin.
The hobgoblin hits you.
You die...

#.....#.)....##
#.....#.............
#.....#.............
#...................
#....................
#..g.)g..............
#..5B................
#..ggg#..............
#...@##..............
#....##..............
#....##..............
##...#...............
#...#....###........
#...#....# ###......
#...#....#####......
#....†..............
#...............#...


You could see Robin, a giant cockroach, 3 hobgoblins, a goblin (ally target) and
a friendly white imp (summoned).

Vanquished Creatures
  An ufetubus (D:2)
  2 worms (D:3)
  An orc (D:2)
  4 bats
  5 endoplasms
  4 giant cockroaches (D:1)
  10 goblins
  3 hobgoblins (D:1)
  2 quokkas
  2 ball pythons
  4 frilled lizards
  3 kobolds
  4 rats
45 creatures vanquished.

Vanquished Creatures (collateral kills)
  A worm (D:2)
  2 goblins (D:3)
  A quokka (D:1)
4 creatures vanquished.

Grand Total: 49 creatures vanquished

Notes
Turn   | Place    | Note
-------+----------+-------------------------------------------
     0 | D:1      | Exodus22XD the Demonspawn Gladiator began the quest for the
                  | Orb.
     0 | D:1      | Reached XP level 1. HP: 16/16 MP: 1/1
    56 | D:1      | Gained mutation: A weak demonic guardian rushes to your
                  | aid. [demonic ancestry]
    56 | D:1      | Reached XP level 2. HP: 22/22 MP: 2/2
  1148 | D:2      | Reached XP level 3. HP: 28/28 MP: 3/3
  1399 | D:2      | Found Ufaosm's Book Shoppe.
  2076 | D:3      | Reached skill level 1 in Armour
  2303 | D:3      | Noticed Robin
  2334 | D:3      | HP: 1/28 [goblin/+0 dagger[Robin] (5)]
  2337 | D:3      | Slain by a hobgoblin

Illustrated notes

Levels and vault maps discovered:
D:1:      saegor_arrival_simple_b, layout_basic, minmay_hexomino_f4
D:2:      layout_loops_ring, serial_shops, shop_statue
D:3:      layout_basic, mainiacjoe_overflow_paths, serial_shops,
          nicolae_shop_temple_entry_statues_fountains, uniq_robin

Skill      XL: |  1  2  3 |
---------------+----------+-----
Polearms       | 3 |  3.5
Dodging        | 3 |  3.1
Armour         | 1 |  1.0
Fighting       | |  2.4
Throwing       | |  1.9

Action                   || total
-------------------------++-------
Melee: Trident           ||   158
       Punch             ||     1
Armor: Leather armour    ||    19
       Ring mail         ||    45
Dodge: Dodged            ||   108
